 Dungeon Crawl Stone Soup version 0.29-a0-275-g389c0b56f3 (webtiles) character file.

Game seed: 13602932096606746010

7744 Murumi the Bludgeoner (level 11, -9/111 HPs)
             Began as an Ogre Gladiator on Mar 11, 2022.
             Was a High Priest of Zin.
             Mangled by an orc warrior
             ... wielding a +0 halberd
              (21 damage)
             ... on level 7 of the Dungeon.
             The game lasted 00:33:16 (9380 turns).

Murumi the Bludgeoner (Ogre Gladiator)              Turns: 9380, Time: 00:33:17

Health: -9/111     AC: 10    Str: 20    XL:     11   Next: 20%
Magic:  15/15      EV: 10    Int: 13    God:    Zin [*****.]
Gold:   447        SH:  5    Dex: 10    Spells: 16/16 levels left

rFire   . . .      SeeInvis .   t - +0 eveningstar (protect)
rCold   . . .      Faith    .   (no shield)
rNeg    + . .      Spirit   .   b - +0 robe
rPois   .          Reflect  +   c - +0 hat
rElec   .          Harm     .   (no cloak)
rCorr   .          Rampage  .   (gloves unavailable)
Will    +....                   (boots unavailable)
Stlth   +.........              f - amulet of reflection
HPRegen 0.28/turn               s - ring of positive energy
MPRegen 0.14/turn               (no ring)

@: under a protective aura
A: large, unfitting armour, tough skin 1
a: Renounce Religion, Recite, Vitalisation, Imprison, Sanctuary, Donate Gold


You were on level 7 of the Dungeon.
You worshipped Zin.
Zin was extremely pleased with you.
You visited 2 branches of the dungeon, and saw 8 of its levels.
You also visited: Sewer.

You collected 496 gold pieces.
You donated 49 gold pieces to Zin.

Inventory:

Hand Weapons
 a - a +0 vorpal flail
 t - a +0 eveningstar of protection (weapon)
 y - a +0 giant spiked club
Missiles
 d - 3 throwing nets (quivered)
 g - 6 poisoned darts
 i - 153 stones
 A - 4 datura-tipped darts
Armour
 b - a +0 robe (worn)
 c - a +0 hat (worn)
Jewellery
 f - an amulet of reflection (around neck)
 s - a ring of positive energy (left hand)
Scrolls
 q - 2 scrolls of teleportation
 w - a scroll of silence
 x - 2 scrolls of fog
 B - 2 scrolls of summoning
Potions
 h - 7 potions of curing
 j - a potion of magic {unknown}
 k - 7 potions of brilliance
 l - a potion of lignification {unknown}
 m - a potion of heal wounds {unknown}
 n - 2 potions of flight {unknown}
 o - 2 potions of haste
 p - a potion of mutation {unknown}
 r - 2 potions of invisibility {unknown}
 u - a potion of might
 v - 2 potions of berserk rage {unknown}
 z - a potion of cancellation {unknown}
 C - a potion of ambrosia {unknown}


   Skills:
 - Level 8.0 Fighting
 - Level 16.0 Maces & Flails
 - Level 5.0 Throwing
 - Level 1.0 Armour
 - Level 4.0 Dodging
 - Level 1.0 Stealth
 - Level 3.0 Spellcasting
 + Level 2.7 Invocations


You had 16 spell levels left.
You didn't know any spells.
Your spell library contained the following spells:

 Spells                   Type           Power      Damage    Failure   Level
 Foxfire                  Conj/Fire      4%         2x1d4     22%         1
 Conjure Flame            Conj/Fire      1%         6-21      56%         3
 Inner Flame              Hex/Fire       1%         N/A       56%         3
 Flame Wave               Conj/Fire      1%         2d4       92%         4


Dungeon Overview and Level Annotations

Branches:
Dungeon (7/15)             Temple (1/1) D:5           Sewer (visited)

Altars:
Ashenzari
Cheibriados
Dithmenos
Elyvilon
Fedhas
Gozag
Hepliaklqana
Kikubaaqudgha
Makhleb
Nemelex Xobeh
Okawaru
Qazlal
Sif Muna
Trog
Uskayaw
Vehumet
Wu Jian
Xom
Yredelemnul
Zin
The Shining One

Shops:
D:2 (   D:3 ?


Innate Abilities, Weirdness & Mutations

You are too large for most types of armour.
You have tough skin. (AC +1)


Message History

a +0 dagger; a +0 robe
i - 146 stones (gained 1)
Things that are here:
a +0 club; an orc corpse
i - 147 stones (gained 1)
i - 148 stones (gained 1)
i - 151 stones (gained 3)
i - 152 stones (gained 1)
You hear the faint creaking of a very distant portcullis.
i - 153 stones (gained 1)
The orc warrior shouts!
Throw: 9 darts (poison)
Press: ? - help, Q - select action, (/) - cycle Shift-Dir - straight line, f - orc warrior
Aim: an orc warrior, wielding a +0 halberd and wearing a +0 plate armour (63% to hit)
You throw a poisoned dart.
The poisoned dart closely misses the orc warrior.
Throw: 8 darts (poison)
Press: ? - help, Q - select action, (/) - cycle Shift-Dir - straight line, f/p - orc warrior
Aim: an orc warrior, wielding a +0 halberd and wearing a +0 plate armour (63% to hit)
You throw a poisoned dart. The poisoned dart hits the orc warrior!
The orc warrior is poisoned.
Throw: 7 darts (poison)
Press: ? - help, Q - select action, (/) - cycle Shift-Dir - straight line, f/p - orc warrior
Aim: an orc warrior, wielding a +0 halberd and wearing a +0 plate armour (lightly wounded, very poisoned, 63% to hit)
You throw a poisoned dart. The poisoned dart hits the orc warrior!
The orc warrior looks as sick as possible!
The orc warrior is lightly wounded.
Throw: large rock
Press: ? - help, Q - select action, (/) - cycle Shift-Dir - straight line, f/p - orc warrior
Aim: an orc warrior, wielding a +0 halberd and wearing a +0 plate armour (lightly wounded, extremely poisoned, 63% to hit)
You throw a large rock.
The large rock hits the orc warrior but does no damage.
The orc warrior is lightly wounded.
The orc warrior hits you with a +0 halberd!
* * * LOW HITPOINT WARNING * * *
You hit the orc warrior but do no damage.
Your weapon exudes an aura of protection.
The orc warrior is heavily wounded.
The orc warrior hits you with a +0 halberd!!
You die...

#.........(#
#..........#
#....##
#.........#
##.....##
#.........#
#..(....##
#..{<.....#
#..(.....#
#........##
##..(.....#
#(o......#
#.........#
##########
#...o.....# ##
#...@....# .###
##......##
...#######
#..#####
.........## #.##
..........####.#
...........##..#
...........##.##
..............#
#.............#


You could see an orc warrior (very poisoned).

Vanquished Creatures
  The ghost of CryoSword the Grappler, a novice TrBe of Trog (D:6)
  Prince Ribbit (D:4)
  A wyvern (D:6)
  Edmund (D:5)
  Duvessa (D:5)
  4 sky beasts
  An ice beast (D:6)
  An ogre (D:5)
  2 phantoms
  A kobold brigand (Sewer)
  2 necrophages
  3 scorpions
  2 gnoll sergeants
  Dowan (D:5)
  3 hounds
  A jelly (D:5)
  2 orc priests
  A gnoll shaman (D:5)
  3 iguanas
  3 orc wizards
  24 gnolls
  A river rat (D:3)
  7 adders
  2 shadow imps
  2 ufetubi (D:5)
  A worm (D:4)
  2 dart slugs
  10 orcs
  6 bats
  3 endoplasms
  3 giant cockroaches
  5 goblins
  5 hobgoblins
  5 jackals
  3 quokkas
  12 ball pythons
  5 frilled lizards
  18 kobolds
  6 rats
155 creatures vanquished.

Vanquished Creatures (others)
  A plant (D:1)
1 creature vanquished.

Grand Total: 156 creatures vanquished

Notes
Turn   | Place    | Note
-------+----------+-------------------------------------------
     0 | D:1      | Murumi the Ogre Gladiator began the quest for the Orb.
     0 | D:1      | Reached XP level 1. HP: 22/22 MP: 1/1
   288 | D:1      | Found a faded altar of an unknown god.
   292 | D:1      | Prayed at the altar of an unknown god.
   292 | D:1      | Became a worshipper of Zin the Law-Giver
   292 | D:1      | Reached * piety under Zin
   399 | D:1      | Reached skill level 3 in Maces & Flails
   400 | D:1      | Reached XP level 2. HP: 15/31 MP: 2/2
  1310 | D:1      | Reached skill level 1 in Spellcasting
  1316 | D:1      | Reached skill level 1 in Invocations
  1316 | D:1      | Reached XP level 3. HP: 21/39 MP: 4/4
  1627 | D:2      | Reached skill level 1 in Armour
  1627 | D:2      | Reached XP level 4. HP: 16/48 MP: 5/5
  1849 | D:2      | Found Cengyj's Antique Weapon Shoppe.
  1853 | D:2      | Found a blossoming altar of Fedhas.
  1939 | D:2      | Reached skill level 1 in Stealth
  2053 | D:2      | Reached ** piety under Zin
  2436 | D:2      | Reached XP level 5. HP: 40/55 MP: 6/6
  2497 | D:3      | Reached skill level 5 in Fighting
  2517 | D:3      | Found a glowing drain.
  2525 | Sewer    | Entered a sewer
  3001 | Sewer    | Noticed a kobold brigand
  3025 | Sewer    | Killed a kobold brigand
  3026 | Sewer    | Reached XP level 6. HP: 47/66 MP: 6/9
  3247 | D:3      | Found Mudozxic's Magic Scroll Shoppe.
  3928 | D:3      | Reached *** piety under Zin
  4049 | D:4      | Noticed a sky beast
  4213 | D:4      | Killed a sky beast
  4214 | D:4      | Reached XP level 7. HP: 39/75 MP: 10/10
  5987 | D:5      | Entered Level 5 of the Dungeon
  6038 | D:5      | Reached skill level 11 in Maces & Flails
  6038 | D:5      | Reached XP level 8. HP: 88/88 MP: 11/11
  6039 | D:5      | Reached skill level 14 in Maces & Flails
  6039 | D:5      | Reached XP level 9. HP: 96/96 MP: 12/12
  6040 | D:5      | Reached skill level 15 in Maces & Flails
  6040 | D:5      | Reached XP level 10. HP: 104/104 MP: 13/13
  6106 | D:5      | Noticed Prince Ribbit
  6133 | D:4      | Killed Prince Ribbit
  6134 | D:4      | Reached skill level 16 in Maces & Flails
  6273 | D:5      | Noticed Edmund
  6282 | D:5      | Killed Edmund
  6653 | D:5      | Noticed Duvessa
  6656 | D:5      | Noticed Dowan
  6663 | D:5      | Killed Duvessa
  6680 | D:5      | Killed Dowan
  7012 | D:5      | Found a staircase to the Ecumenical Temple.
  7016 | D:5      | Reached **** piety under Zin
  7385 | Temple   | Entered the Ecumenical Temple
  7775 | D:6      | Reached XP level 11. HP: 95/111 MP: 14/14
  8271 | D:6      | Reached ***** piety under Zin
  8785 | D:6      | Reached skill level 5 in Throwing
  8909 | D:6      | Found a runed translucent door.
  8911 | D:6      | Noticed CryoSword's ghost (novice TrBe)
  8930 | D:6      | Killed CryoSword's ghost
  9380 | D:7      | Mangled by an orc warrior

Illustrated notes

Levels and vault maps discovered:
D:1:      giann_bridges, layout_loops_corners,
          shapermc_ecumenical_altar_mp_urbaneastern
D:2:      layout_rooms, serial_shops, shop, basic_altar
D:3:      layout_rooms, portal_sewer_entry_b, serial_shops, shop, minivault_5
D:4:      layout_layer_cave
D:5:      layout_cave_pools, minmay_temple_entry_glass, serial_glass,
          glass_columns_a, glass_columns_a, glass_columns_a, glass_columns_c,
          due_unseen_surprise, minmay_bent, uniq_duvessa, uniq_prince_ribbit1,
          uniq_edmund
D:6:      layout_basic, ebering_ghost_reflecting_pool
D:7:      layout_cave_pods, enter_bailey_5, uniq_pikel
Temple:   mainiacjoe_temple_hex_bubbles

Skill      XL: |  1  2  3  4  5  6  7  8  9 10 11 |
---------------+----------------------------------+-----
Fighting       | 3 4 5 6 8 |  8.0
Maces & Flails | 3 11 14 15 16 | 16.0
Dodging        | 3 4 |  4.0
Spellcasting   | 1 2 3 |  3.0
Invocations    | 1 2 |  2.7
Armour         | 1 |  1.0
Stealth        | 1 |  1.0
Throwing       | 3 4 5 |  5.0

Action                   |  1- 3 |  4- 6 |  7- 9 | 10-12 || total
-------------------------+-------+-------+-------+-------++-------
Melee: Flail             |    82 |   178 |    18 |       ||   278
       Eveningstar       |       |       |    28 |   182 ||   210
       Punch             |       |       |     1 |     1 ||     2
Throw: Throwing net      |     2 |       |       |       ||     2
       Stone             |       |   105 |    45 |   139 ||   289
       Dart              |       |     5 |     4 |    12 ||    21
       Large rock        |       |       |     1 |     2 ||     3
Invok: Recite            |       |       |       |     1 ||     1
  Use: Scroll            |     2 |     4 |     6 |     3 ||    15
       Potion            |       |       |     3 |       ||     3
 Stab: Held in net/web   |     1 |       |       |       ||     1
       Sleeping          |       |     2 |     1 |     1 ||     4
       Distracted        |       |       |     1 |       ||     1
Armor: Robe              |    25 |    34 |     7 |    29 ||    95
Dodge: Dodged            |    35 |    74 |    22 |    41 ||   172
Block: Other             |    22 |    29 |     5 |    30 ||    86
       Reflection        |       |     1 |     1 |       ||     2

Table legend: (Time is in decaauts)
 A = Elapsed time spent in this place.
 B = Non-inter-level travel time spent in this place.
 C = Inter-level travel time spent in this place.
 D = Time resting spent in this place.
 E = Time spent auto-exploring this place.
 F = Levels seen in this place.
 G = Mean time per level.
                   A        B        C        D        E       F      G
               +--------+--------+--------+--------+--------+-----+--------+
         Total |   9435 |   8924 |    511 |    208 |   7212 |   9 | 1048.3 |
       Dungeon |   8447 |   7974 |    473 |    189 |   6476 |   7 | 1206.7 |
        Temple |    265 |    228 |     37 |      0 |    223 |   1 |  265.0 |
         Sewer |    722 |    722 |      0 |     19 |    513 |   1 |  722.0 |
               +--------+--------+--------+--------+--------+-----+--------+

Top non-repeatable levels by time:
     D:4: 2094 daAuts
     D:1: 1612 daAuts
     D:6: 1539 daAuts
     D:5: 1140 daAuts
     D:3: 1080 daAuts
     D:2: 883 daAuts
   Sewer: 722 daAuts
  Temple: 265 daAuts
     D:7: 97 daAuts
